 Dungeon Crawl Stone Soup version 0.32-a0-872-g59262bdc9b (webtiles) character file.

Game seed: 13116844213798556754

187947 Amplified the Severer (level 17, -3/131 HPs)
             Began as a Demonspawn Wanderer on Mar 29, 2024.
             Was an Elder of Qazlal.
             Slain by a demonic crawler (10 damage)
             ... on level 3 of the Spider Nest on Mar 30, 2024.
             The game lasted 00:40:14 (20209 turns).

Amplified the Severer (Demonspawn Wanderer)        Turns: 20209, Time: 00:40:14

Health: -3/131     AC: 12    Str: 26    XL:     17   Next: 7%
Magic:  25/25      EV: 14    Int: 20    God:    Qazlal [****..]
Gold:   942        SH: 23    Dex: 10    Spells: 14/18 levels left

rFire   + + .        s - +8 broad axe (venom)
rCold   + . .        l - +5 kite shield
rNeg    + . .        v - +0 swamp dragon scales
rPois   +            (helmet unavailable)
rElec   .            n - scarf {rC+ rF+}
rCorr   .            m - +2 pair of gloves {hurl}
SInv    .            (no boots)
Will    +....        D - macabre finger necklace {Finger+ rN+} Stlth
                     j - +6 ring of strength
HPRegen 0.41/turn    E - +5 ring of evasion
MPRegen 0.19/turn    J - ring of protection from fire

%: repel missiles
@: invisible
A: horns 3, foul stench 2, augmentation 1, big brain 2, demonic magic 2
}: 1/15 runes: decaying
a: Renounce Religion, Upheaval, Elemental Force


You were on level 3 of the Spider Nest.
You worshipped Qazlal.
Qazlal was greatly pleased with you.
You visited 5 branches of the dungeon, and saw 29 of its levels.
You also visited: Sewer.

You collected 2110 gold pieces.
You spent 1168 gold pieces at shops.

Inventory:

Hand Weapons
 s - a +8 broad axe of venom (weapon)
 Q - a +1 double sword of flaming
Missiles
 b - 39 boomerangs (quivered)
 f - 5 curare-tipped darts
 k - a throwing net
Armour
 g - the +4 scale mail of Iwohim {Regen+ Dex+3}
   (You took it off a skeletal warrior on level 13 of the Dungeon)

   Dex+3:     It affects your dexterity (+3).
   Regen+:    It increases your rate of health regeneration.
 l - a +5 kite shield (worn)
 m - a +2 pair of gloves of hurling (worn)
 n - a scarf of resistance (worn)
 v - +0 swamp dragon scales (worn)
Jewellery
 h - a ring of see invisible
 j - a +6 ring of strength (left hand)
 r - a ring of protection from fire
 D - the macabre finger necklace (around neck) {Finger+ rN+}
   (You bought it in a shop on level 6 of the Dungeon)

   [amulet of nothing]

   Finger+:   It enables you to equip an extra ring.
   rN+:       It protects you from negative energy.
 E - a +5 ring of evasion (right hand)
 J - a ring of protection from fire (on amulet)
Talismans
 a - a serpent talisman
Wands
 q - a wand of roots (7)
 t - a wand of light (2)
 x - a wand of paralysis (21)
 y - a wand of polymorph (6)
 I - a wand of flame (30)
 M - a wand of digging (11)
 T - a wand of mindburst (10)
Scrolls
 c - 2 scrolls of immolation
 z - a scroll of revelation
 B - a scroll of summoning
 F - 3 scrolls of amnesia
 G - 7 scrolls of identify
 H - 7 scrolls of teleportation
 K - a scroll of brand weapon
 P - a scroll of poison
Potions
 d - 6 potions of curing
 e - 4 potions of enlightenment
 i - a potion of cancellation
 o - 4 potions of mutation
 p - 5 potions of brilliance
 L - 2 potions of haste
 R - 2 potions of might
Miscellaneous
 O - a lightning rod (4/4)


   Skills:
 * Level 11.4 Fighting
 - Level 19.3 Axes
 - Level 1.0 Throwing
 * Level 8.1 Armour
 - Level 1.9 Dodging
 - Level 15.5 Shields
 - Level 1.0 Spellcasting
 - Level 2.1 Necromancy
 - Level 11.6 Invocations


You had 14 spell levels left.
You knew the following spells:

 Your Spells              Type           Power      Damage    Failure   Level
a - Sticky Flame          Fire/Alch      1%         2d4       98%         4

Your spell library contained the following spells:

 Spells                   Type           Power      Damage    Failure   Level
 Sublimation of Blood     Necr           9%         N/A       22%         2
 Magic Dart               Conj           4%         1d3       34%         1
 Sandblast                Erth           2%         2d4       34%         1
 Shock                    Conj/Air       4%         1d3       34%         1
 Summon Small Mammal      Summ           4%         N/A       34%         1
 Cigotuvi's Dreadful Rot  Necr/Alch/Air  6%         N/A       36%         2
 Blink                    Tloc           2%         N/A       45%         2
 Call Imp                 Summ           2%         N/A       45%         2
 Scorch                   Fire           2%         2d5       45%         2
 Call Canine Familiar     Summ           1%         N/A       71%         3
 Sigil of Binding         Hex            1%         N/A       71%         3
 Stone Arrow              Conj/Erth      2%         3d7       71%         3
 Swiftness                Air            1%         N/A       71%         3
 Dispel Undead            Necr           9%         3d8       80%         4
 Anguish                  Hex/Necr       2%         N/A       91%         4
 Martyr's Knell           Necr/Summ      5%         N/A       91%         4
 Airstrike                Air            0%         2d(1-17)  98%         4
 Brom's Barrelling Bould  Conj/Erth      1%         2d3       98%         4
 Cause Fear               Hex            0%         N/A       98%         4
 Flame Wave               Conj/Fire      1%         2d4       98%         4
 Summon Blazeheart Golem  Fire/Summ      1%         N/A       98%         4
 Borgnjor's Vile Clutch   Necr/Erth      2%         N/A       99%         5
 Alistair's Intoxication  Alch           0%         N/A       100%        5
 Iskenderun's Battlesphe  Conj           1%         2d6       100%        5
 Bombard                  Conj/Erth      0%         9d1       100%        6
 Death Channel            Necr           4%         N/A       100%        6
 Eringya's Noxious Bog    Alch           0%         4d6       100%        6
 Sculpt Simulacrum        Ice/Alch       0%         N/A       100%        6
 Summon Cactus Giant      Summ           0%         N/A       100%        6
 Enfeeble                 Hex            0%         N/A       100%        7
 Spellforged Servitor     Conj/Summ      0%         N/A       100%        7
 Summon Hydra             Summ           0%         N/A       100%        7
 Borgnjor's Revivificati  Necr           4%         N/A       100%        8
 Death's Door             Necr           4%         N/A       100%        9


Dungeon Overview and Level Annotations

Branches:
Dungeon (15/15)            Temple (0/1) D:7            Lair (5/5) D:8
  Swamp (4/4) Lair:2       Spider (2/4) Lair:2        Slime (0/5) Lair:5
    Orc (2/2) D:12            Elf (0/3) Orc:2        Vaults (0/5) D:14
 Depths (0/4) D:15          Sewer (visited)

Altars:
Ashenzari
Cheibriados
Fedhas
Gozag
Hepliaklqana
Kikubaaqudgha
Nemelex Xobeh
Qazlal
Ru
Vehumet
Yredelemnul
Beogh
Jiyva
Lugonu

Shops:
D:6 *=[(   D:8 *   D:12 *   Orc:2 *?[=

Portals:
Abyss: Lair:5

Annotations:
D:3 1 runed translucent door, hattey's ghost, amateur HuWn


Innate Abilities, Weirdness & Mutations

You have a pair of large horns on your head.
You sometimes emit foul miasma when damaged in melee.
Your magical and physical power is slightly enhanced at high health.
You have an extremely huge brain. (Int +4)
Spells you cast may paralyse nearby enemies.


Message History

A meliai comes into view. It is wielding a +0 war axe.
The demonic crawler misses you. You block the demonic crawler's attack.
The demonic crawler hits you!
* * * LOW HITPOINT WARNING * * *
The meliai mumbles some strange prayers to its god against you.
Something smites you!
* * * LOW HITPOINT WARNING * * *
Unknown command.
You feel better.
The moth of wrath is no longer paralysed.
A jumping spider comes into view.
The meliai is engulfed in blazing flames.
You block the wolf spider's attack. x2; You block the demonic crawler's attack.
The demonic crawler misses you. The demonic crawler hits you.
* * * LOW HITPOINT WARNING * * *
The meliai mumbles some strange prayers to its god against you.
Something smites you!
* * * LOW HITPOINT WARNING * * *
The moth of wrath closely misses you.
The jumping spider leaps!
The wolf spider misses you. The wolf spider bites you.
* * * LOW HITPOINT WARNING * * *
Unknown command.
Okay, then.
Okay, then.
Okay, then.
Aiming: Upheaval
Press: ? - help, Dir - move target, f/p - moth of wrath
Aim: a moth of wrath (black smoke, severely wounded, extremely poisoned)
Okay, then.
Unknown command.
Okay, then.
Unknown command.
Okay, then.
You fade into invisibility!
You block the demonic crawler's attack. x3; The wolf spider closely misses you. x2
The moth of wrath goads the wolf spider on!
The wolf spider goes berserk!
The demonic crawler hits you but does no damage.
The demonic crawler hits you!
You die...

,*^**###.......#....#^,,,,,,**
,*,.##.##.......##.....,,,,,,*
,,*.........#...#...#..,*,,,,*
,,*......#...†...#.....,,,,,**
*,,#.......#..#.....#...,,,,*
*^,#.#...#.....^y......,,,,^**
#..#^###..†$#.○#y○.#.#.)***,,*
#..#........##ys§#§.....,,,,**
##.#^......####s@§§.....,,,**
..###.†....## ##y§§§....,,***
..#.........####§§.#....***,*****
.#....†.^#.....##......#**,>,*^**
^#.###...#.#...#*..s....,,,,,,,,,
#.##.....^#....#*..#..#,,,,,,,,,,
..#....####...^#*..#...○*,,,,,,*,
#†#..#..#*##..##,...,...,*,,*,,*,
#.##^..).**####,,,,,,,,,*,,,,,,,,


You could see a demonic crawler, a wolf spider (berserk, unable to see you), a
moth of wrath (unable to see you, extremely poisoned), a jumping spider (unable
to see you) and 3 meliai.

Vanquished Creatures
  Jorgrun (Orc:2)
  Agnes (D:14)
  A fenstrider witch (Swamp:2)
  A frost giant (D:15)
  A broodmother (Lair:2)
  An eleionoma (Swamp:1)
  A bunyip (Swamp:1)
  Snorg (D:10)
  An entropy weaver (shapeshifter) (Lair:5)
  A shambling mangrove (Swamp:4)
  Erolcha (D:13)
  2 ghost crabs
  5 ogre magi
  16 hydras
  5 centaur warriors
  2 vault guards (D:14)
  A jorogumo (Spider:1)
  5 alligators
  8 two-headed ogres
  A demonic crawler (Spider:1)
  An orc high priest (Orc:1)
  5 death yaks (Lair:5)
  5 boulder beetles
  5 tengu warriors
  3 thrashing horrors (Lair:5)
  Urug (Orc:2)
  Nergalle (Lair:3)
  A deep elf knight (D:13)
  5 skeletal warriors (D:13)
  2 skysharks
  2 goliath frogs
  2 pharaoh ants (Spider:3)
  2 orb spiders (Spider:3)
  9 swamp dragons
  4 spriggan druids
  2 arcanists
  2 orc knights (Orc:2)
  2 bog bodies
  2 necromancers (D:14)
  2 obsidian bats (Orc:2)
  4 deep elf pyromancers
  18 ugly things
  2 steelbarb worms
  5 wolf spiders
  9 orc sorcerers (Orc:2)
  4 cyclopes
  2 will-o-the-wisps
  2 manticores (D:14)
  Maurice (Orc:1)
  4 kobold blastminers
  3 meliai (D:15)
  2 elephants (Lair:2)
  A meliai (shapeshifter) (D:13)
  5 black mambas
  A torpor snail (Spider:1)
  3 smoke demons (Lair:5)
  3 gargoyles
  11 cane toads
  3 rime drakes
  A kobold demonologist (D:13)
  8 komodo dragons
  A yaktaur (D:13)
  An efreet (D:14)
  A queen bee (shapeshifter) (D:13)
  7 trolls
  5 polar bears
  8 tyrant leeches
  A bloated husk (Swamp:1)
  17 blink frogs
  3 tarantellas
  A raiju (Lair:5)
  10 hornets
  6 dream sheep (Lair:5)
  8 jumping spiders
  7 slime creatures
  9 spriggans
  7 culicivoras
  A culicivora (shapeshifter) (D:13)
  A shadow (D:10)
  5 wyverns
  39 yaks
  3 ynoxinuls (Lair:5)
  A yak (shapeshifter) (D:13)
  5 wraiths
  18 humans (D:14)
  6 basilisks
  A steam dragon (D:5)
  11 redbacks
  6 vampire mosquitoes
  A warg (Orc:2)
  A chaos spawn (Lair:5)
  7 swamp worms
  9 small abominations (Lair:5)
  3 acid dragons
  13 water moccasins
  4 black bears
  A meliai simulacrum (D:13)
  13 swamp drakes
  2 ice beasts (D:8)
  A sky beast (D:6)
  20 orc warriors
  9 wolves
  5 centaurs
  8 boggarts (D:15)
  12 ogres
  A phantom (D:5)
  4 kobold brigands
  5 bullfrogs
  5 scorpions
  A gnoll sergeant (D:11)
  11 wights
  21 killer bees
  9 electric eels
  A vampire bat (D:3)
  3 howler monkeys (D:9)
  2 bombardier beetles
  6 jellies
  17 orc priests
  2 hounds
  5 iguanas
  30 orc wizards
  A centaur simulacrum (D:8)
  14 gnolls
  2 adders
  6 river rats (Sewer)
  5 white imps
  A howler monkey simulacrum (D:8)
  2 dart slugs
  3 fire bats (D:3)
  A ribbon worm (D:5)
  76 orcs
  2 spectral bats (D:3)
  3 bat skeletons (D:3)
  A bat zombie (D:3)
  10 endoplasms
  4 giant cockroaches
  8 goblins
  8 hobgoblins
  29 kobolds
  9 quokkas
  12 ball pythons
  15 bats
  A bat simulacrum (D:3)
  2 frilled lizards
  20 rats
862 creatures vanquished.

Vanquished Creatures (others)
  A hydra (Swamp:1)
  2 bloated husks
  A hornet (Swamp:4)
  2 orc wizards
  An ufetubus (D:8)
  An orc (D:6)
  2 foxfires (Swamp:3)
10 creatures vanquished.

Grand Total: 872 creatures vanquished

Notes
Turn   | Place    | Note
-------+----------+-------------------------------------------
     0 | D:1      | Amplified the Demonspawn Wanderer began the quest for the
                  | Orb.
     0 | D:1      | Amplified set off with the following items: a +2 hand axe,
                  | 8 boomerangs, a +0 dagger, a potion of curing, a +0 leather
                  | armour; and the following spells available to memorise:
                  | Sublimation of Blood, Cigotuvi's Dreadful Rot.
     0 | D:1      | Reached XP level 1. HP: 16/16 MP: 2/2
    64 | D:1      | Reached skill level 3 in Axes
    64 | D:1      | Gained mutation: You have a pair of small horns on your
                  | head. [demonic ancestry]
    64 | D:1      | Reached XP level 2. HP: 20/22 MP: 3/3
   643 | D:2      | Found a faded altar of an unknown god.
   778 | D:2      | Gained mutation: Spells you cast may paralyse adjacent
                  | enemies. [demonic ancestry]
   778 | D:2      | Reached XP level 3. HP: 28/28 MP: 4/4
  1008 | D:2      | Reached XP level 4. HP: 34/34 MP: 5/5
  1462 | D:3      | Found a broken altar of Ashenzari.
  1582 | D:3      | Reached skill level 4 in Axes
  1630 | D:3      | Found a snail-covered altar of Cheibriados.
  1741 | D:3      | Gained mutation: You may rarely emit foul miasma when
                  | damaged in melee. [demonic ancestry]
  1741 | D:3      | Reached XP level 5. HP: 40/41 MP: 6/6
  1856 | D:3      | Reached skill level 5 in Axes
  1935 | D:3      | Found a blossoming altar of Fedhas.
  1940 | D:3      | Reached XP level 6. HP: 48/48 MP: 7/7
  1992 | D:3      | Found a runed translucent door.
  1992 | D:3      | Noticed hattey's ghost (amateur HuWn)
  1998 | D:3      | Found a stormy altar of Qazlal.
  2046 | D:3      | Became a worshipper of Qazlal Stormbringer
  2239 | D:4      | Reached skill level 1 in Invocations
  2448 | D:4      | Identified the +4 ring mail of Proximity {Dex+3}
  2747 | D:4      | Gained mutation: You have an unusually large brain. (Int
                  | +2) [demonic ancestry]
  2747 | D:4      | Reached XP level 7. HP: 49/54 MP: 7/9
  3249 | D:5      | Entered Level 5 of the Dungeon
  3313 | D:5      | Reached skill level 6 in Axes
  3433 | D:5      | Found a basalt altar of Yredelemnul.
  3597 | D:5      | Reached skill level 5 in Invocations
  3795 | D:5      | Noticed a steam dragon
  3802 | D:5      | Killed a steam dragon
  3803 | D:5      | Reached skill level 5 in Fighting
  3803 | D:5      | Gained mutation: You have a pair of horns on your head.
                  | [demonic ancestry]
  3803 | D:5      | Reached XP level 8. HP: 37/62 MP: 10/12
  3956 | D:5      | Reached * piety under Qazlal
  4199 | D:6      | Found Xoalufoehi's Jewellery Shoppe.
  4203 | D:6      | Found a sacrificial altar of Ru.
  4209 | D:6      | Reached skill level 7 in Axes
  4353 | D:6      | Found a glowing drain.
  4359 | D:6      | Reached skill level 1 in Shields
  4374 | Sewer    | Entered a sewer
  4523 | Sewer    | Reached ** piety under Qazlal
  4582 | Sewer    | Reached XP level 9. HP: 68/69 MP: 14/14
  4912 | D:6      | Found Ownalapt's Armour Emporium.
  4950 | D:6      | Found Hiedyxew's Antique Weapon Shop.
  5070 | D:6      | Found Naulea's Distillery.
  5132 | D:6      | Found Zin's Purification Station.
  5282 | D:7      | Reached skill level 8 in Axes
  5467 | D:7      | Found a sparkling altar of Nemelex Xobeh.
  5632 | D:7      | Found a staircase to the Ecumenical Temple.
  6217 | D:8      | Reached *** piety under Qazlal
  6229 | D:8      | Reached skill level 12 in Axes
  6229 | D:8      | Reached XP level 10. HP: 63/77 MP: 16/16
  6230 | D:8      | Reached skill level 13 in Axes
  6230 | D:8      | Reached skill level 5 in Shields
  6230 | D:8      | Reached skill level 10 in Invocations
  6230 | D:8      | Reached XP level 11. HP: 70/84 MP: 16/19
  6247 | D:8      | Found an opulent altar of Gozag.
  6247 | D:8      | Noticed a two-headed ogre
  6487 | D:8      | Found a staircase to the Lair.
  6901 | D:8      | Found a hazy altar of Hepliaklqana.
  7002 | D:8      | Killed a two-headed ogre
  7080 | D:8      | Found Gozag's Platinum Reserve.
  7274 | D:8      | Identified a scroll of acquirement
  7274 | D:8      | Acquired a +5 broad axe of venom
  7369 | D:9      | Reached **** piety under Qazlal
  7458 | D:9      | Noticed a two-headed ogre
  7465 | D:9      | Killed a two-headed ogre
  7570 | D:9      | Gained mutation: You have an extremely huge brain. (Int +4)
                  | [demonic ancestry]
  7570 | D:9      | Reached XP level 12. HP: 73/91 MP: 20/20
  7744 | D:10     | Entered Level 10 of the Dungeon
  7841 | D:10     | Noticed a tengu warrior
  7857 | D:10     | Killed a tengu warrior
  8470 | D:10     | Noticed Snorg
  8479 | D:10     | Killed Snorg
  8480 | D:10     | Reached skill level 14 in Axes
  9571 | D:11     | Upgraded the game from 0.32-a0-870-g877066f4b4 to
                  | 0.32-a0-872-g59262bdc9b
  9891 | D:12     | Found a staircase to the Orcish Mines.
 10031 | D:12     | Found Paboamobb's General Store.
 10038 | D:12     | Bought a scroll of teleportation for 42 gold pieces
 10038 | D:12     | Bought a scroll of teleportation for 42 gold pieces
 10038 | D:12     | Bought 2 scrolls of enchant weapon for 210 gold pieces
 10393 | D:12     | Noticed a boulder beetle
 10401 | D:12     | Killed a boulder beetle
 10803 | D:13     | Got the Compendium of the Transformed Volcano
 10825 | D:13     | Noticed an ogre mage
 10829 | D:13     | Noticed a tengu warrior
 10830 | D:13     | Noticed a boulder beetle
 10838 | D:13     | Noticed an ogre mage
 10841 | D:13     | Killed an ogre mage
 10844 | D:13     | Killed an ogre mage
 10848 | D:13     | Killed a tengu warrior
 10852 | D:13     | Reached skill level 15 in Axes
 10856 | D:13     | Noticed an ogre mage
 10856 | D:13     | Noticed a centaur warrior
 10864 | D:13     | Killed a boulder beetle
 10866 | D:13     | Killed an ogre mage
 10867 | D:13     | Gained mutation: You sometimes emit foul miasma when
                  | damaged in melee. [demonic ancestry]
 10867 | D:13     | Reached XP level 13. HP: 83/97 MP: 19/21
 11025 | D:13     | Reached skill level 10 in Shields
 11124 | D:13     | Identified the +4 scale mail of Iwohim {Regen+ Dex+3}
 11590 | D:13     | Reached skill level 16 in Axes
 11713 | D:13     | Identified the +1 scale mail of the Merchant {Dex+2}
 11723 | D:13     | Noticed Erolcha
 11729 | D:13     | Killed Erolcha
 11748 | D:13     | Got Pafusk's Discursus on Enchantment and Bodies
 12524 | D:6      | Bought the macabre finger necklace {Finger+ rN+} for 400
                  | gold pieces
 12524 | D:6      | Found the macabre finger necklace {Finger+ rN+}
 12788 | D:14     | Reached ***** piety under Qazlal
 13064 | D:14     | Noticed Agnes
 13072 | D:14     | Killed Agnes
 13073 | D:14     | Gained mutation: You have a pair of large horns on your
                  | head. [demonic ancestry]
 13073 | D:14     | Reached XP level 14. HP: 103/103 MP: 22/22
 13312 | D:14     | Found an ancient bone altar of Kikubaaqudgha.
 13462 | D:14     | Found a gate to the Vaults.
 13663 | D:15     | Entered Level 15 of the Dungeon
 13730 | D:15     | Reached skill level 17 in Axes
 14013 | D:15     | Noticed a frost giant
 14016 | D:15     | Found a staircase to the Depths.
 14025 | D:15     | Killed a frost giant
 14213 | Orc:1    | Entered Level 1 of the Orcish Mines
 14218 | Orc:1    | Noticed Maurice
 14255 | Orc:1    | Something stole a lightning rod (4/4)
 14258 | Orc:1    | Something stole a +5 ring of evasion
 14356 | Orc:1    | Killed Maurice
 14679 | Orc:2    | Entered Level 2 of the Orcish Mines
 14684 | Orc:2    | Noticed Jorgrun
 14689 | Orc:2    | Killed Jorgrun
 14779 | Orc:2    | Found Zekohe's Assorted Antiques.
 14784 | Orc:2    | Bought a scroll labelled WIHUTEUCHE for 20 gold pieces
 14784 | Orc:2    | Bought a scroll of teleportation for 60 gold pieces
 14784 | Orc:2    | Bought a potion of curing for 60 gold pieces
 14784 | Orc:2    | Bought a bone ring for 100 gold pieces
 14791 | Orc:2    | Noticed Urug
 14811 | Orc:2    | Killed Urug
 15017 | Orc:2    | Found a staircase to the Elven Halls.
 15029 | Orc:2    | Learned a level 4 spell: Sticky Flame
 15066 | Orc:2    | Paralysed by an orc sorcerer for 3 turns
 15080 | Orc:2    | Gained mutation: Spells you cast may paralyse nearby
                  | enemies. [demonic ancestry]
 15080 | Orc:2    | Reached XP level 15. HP: 105/107 MP: 23/23
 15202 | Orc:2    | Paralysed by an orc sorcerer for 2 turns
 15239 | Orc:2    | Found a radiant altar of Vehumet.
 15248 | Orc:2    | Reached skill level 18 in Axes
 15256 | Orc:2    | Found Osethrogg's Antique Armour Shop.
 15304 | Orc:2    | Found an ancient bone altar of Kikubaaqudgha.
 15355 | Orc:2    | Found a roughly hewn altar of Beogh.
 15355 | Orc:2    | Found Dytzadea's Magic Scroll Boutique.
 15355 | Orc:2    | Found Duladuyg's Magic Scroll Shop.
 15388 | Orc:2    | Found Pygafa Usim's Jewellery Boutique.
 15871 | Lair:1   | Entered Level 1 of the Lair of Beasts
 15951 | Lair:2   | Found a hole to the Spider Nest.
 16302 | Lair:5   | Entered Level 5 of the Lair of Beasts
 16446 | Lair:5   | Got an earthy gem with 3218 turns to spare
 16561 | Lair:5   | Reached ****** piety under Qazlal
 16562 | Lair:5   | Reached skill level 15 in Shields
 16579 | Lair:5   | Reached skill level 19 in Axes
 16598 | Lair:5   | Found a blossoming altar of Fedhas.
 16600 | Lair:5   | Found a staircase to the Slime Pits.
 16609 | Lair:5   | Found a viscous altar of Jiyva.
 17066 | Lair:5   | Found a corrupted altar of Lugonu.
 17066 | Lair:5   | Found a one-way gate to the infinite horrors of the Abyss.
 17850 | Lair:3   | Noticed Nergalle
 17871 | Lair:3   | Killed Nergalle
 17937 | Lair:3   | Reached XP level 16. HP: 112/113 MP: 24/24
 18617 | D:6      | Bought a +2 ring mail of poison resistance for 234 gold
                  | pieces
 18777 | Lair:2   | Reached skill level 1 in Dodging
 18781 | Lair:2   | Found a staircase to the Swamp.
 18791 | Swamp:1  | Entered Level 1 of the Swamp
 19538 | Swamp:3  | Reached skill level 5 in Armour
 19543 | Swamp:4  | Entered Level 4 of the Swamp
 19663 | Swamp:4  | Reached skill level 10 in Fighting
 19708 | Swamp:4  | Got a mossy gem with 894 turns to spare
 19711 | Swamp:4  | Got a decaying rune of Zot
 19924 | Spider:1 | Entered Level 1 of the Spider Nest
 20063 | Spider:2 | You fall into a shaft and drop 1 floor!
 20091 | Spider:3 | Gained mutation: Your magical and physical power is
                  | slightly enhanced at high health. [demonic ancestry]
 20091 | Spider:3 | Reached XP level 17. HP: 40/131 MP: 25/25
 20208 | Spider:3 | HP: 6/131 [wolf spider (2)]
 20209 | Spider:3 | Slain by a demonic crawler

Illustrated notes

Levels and vault maps discovered:
D:1:      amcnicky_arrival_feature_with_door, layout_basic
D:2:      layout_basic, ebering_ecumenical_altar_petrified, grunt_decor_fettered
D:3:      layout_rooms, fedhas_ov_isle_minmay, slow_altar_1,
          mainiacjoe_overflow_brackets,
          mainiacjoe_overflow_concentric_impassable, gammafunk_ghost_grave,
          kennysheep_big_empty_room, goddamned_bats
D:4:      layout_loops_corners, mainiacjoe_overflow_six_doors_small
D:5:      layout_basic, yredelemnul_altar_generic
D:6:      layout_cave_pools, lemuel_crystal_altar, zin_purify,
          portal_sewer_entry_a, serial_shops,
          nicolae_shop_pleasant_corner_grove, nicolae_lakefront_shop,
          nicolae_lakefront_shop, nicolae_shop_industrial_runoff,
          nicolae_shop_tiny_waterfront
D:7:      layout_loops_ring, nemelex_diamond_rough_becter, temple_doors_e
D:8:      layout_cave_pods, mainiacjoe_overflow_alcove_2,
          nicolae_gozag_zags_fifth_avenue, lair_entry_dummy, serial_ice,
          serial_ice_n, serial_ice_g, serial_ice_m, serial_ice_k, serial_ice_o,
          serial_ice_h
D:9:      layout_roguey
D:10:     layout_basic, uniq_snorg
D:11:     layout_basic, serial_glass, glass_columns_a, glass_columns_b
D:12:     layout_loops_ring, david_orc_2, serial_shops, shop_fountains
D:13:     minmay_the_grid_square_5x5_4x4 [minmay_the_grid_square_5x5_inner_v,
          minmay_the_grid_square_5x5_percent, minmay_the_grid_square_5x5_n,
          minmay_the_grid_square_5x5_lines, minmay_the_grid_square_5x5_corner,
          minmay_the_grid_square_5x5_prize_pseudospiral,
          minmay_the_grid_square_5x5_prize_rear_guard,
          minmay_the_grid_square_5x5_minivault, minmay_the_grid_square_5x5_plus,
          minmay_the_grid_square_5x5_prize_waves,
          minmay_the_grid_square_5x5_prize_snowflake,
          minmay_the_grid_square_5x5_checkered,
          minmay_the_grid_square_5x5_sharp_hourglass,
          minmay_the_grid_square_5x5_shrine1, minmay_the_grid_square_5x5_bridge,
          minmay_the_grid_square_5x5_beaten_path], layout_irregular_city,
          eino_tiny_chamber, uniq_erolcha
D:14:     layout_long_grid, grunt_vaults_entry_tiered,
          nicolae_kikubaaqudgha_miasma_corner, uniq_agnes
D:15:     grunt_enter_depths_snipers, layout_cross, dk_noncrumbling_3
Lair:1:   layout_loops_ring, grunt_megastairs_3
Lair:2:   gammafunk_indiana_jones, layout_long_grid,
          mainiacjoe_swamp_entry_angry_trees, dummy_spider_entry,
          serial_bayou_shore_a
Lair:3:   layout_regular_city, forest_entry_grove, serial_bayou_shore_b,
          uniq_nergalle
Lair:4:   layout_misc_corridors, grunt_megastairs_4
Lair:5:   hellmonk_lair_end_abyssal_woods, layout_regular_city,
          nicolae_slime_entry_field_trip, basic_altar, grunt_megastairs_2
Swamp:1:  layout_basic_swamp, ebering_ghost_reflecting_pool,
          evilmike_swamp_ruin_house_1
Swamp:2:  layout_basic_swamp, nicolae_swamp_decorative_isthmus, swamp_pool_3,
          uniq_louise
Swamp:3:  layout_falls_marsh, gammafunk_ghost_necromancy,
          evilmike_swamp_ruin_rubble_2, swamp_pool_1_2
Swamp:4:  swamp, layout_basic_swamp, nicolae_swamp_tree_isthmus
Spider:1: layout_spider_delve
Spider:2: layout_spider_delve, hangedman_spider_tarantella_strand, uniq_aizul,
          uniq_azrael, uniq_mlioglotl
Spider:3: layout_spider_delve, nicolae_spider_circle_web
Orc:1:    layout_caves, uniq_maurice
Orc:2:    kennysheep_orc_mage_school, layout_diamond_mine, serial_shops,
          nicolae_shop_hallway_stairs, uniq_jorgrun, uniq_urug

Skill      XL: |  1  2  3  4  5  6  7  8  9 10 11 12 13 14 15 16 17 |
---------------+----------------------------------------------------+-----
Axes           | 3 4 5 6 7 12 13 15 16 17 19 | 19.3
Fighting       | 3 4 5 6 7 11 | 11.4
Invocations    | 2 5 7 9 10 11 | 11.6
Shields        | 1 3 5 6 9 11 13 15 | 15.5
Armour         | 7 8 |  8.1
Dodging        | 1 |  1.9
Throwing       | |  1.0
Spellcasting   | |  1.0
Necromancy     | |  2.1

Action                     |  1- 3 |  4- 6 |  7- 9 | 10-12 | 13-15 | 16-18 || total
---------------------------+-------+-------+-------+-------+-------+-------++-------
  Melee: Hand axe          |    82 |   150 |   238 |   100 |       |       ||   570
         Headbutt          |     6 |    32 |    37 |    72 |   223 |    74 ||   444
         Broad axe         |       |       |       |   227 |   833 |   303 ||  1363
         Unarmed           |       |       |       |       |     6 |       ||     6
         Double sword      |       |       |       |       |     9 |     5 ||    14
  Throw: Boomerang         |       |       |       |     5 |       |       ||     5
         Throwing net      |       |       |       |     1 |       |       ||     1
 Invoke: Upheaval          |       |       |       |     6 |    19 |    24 ||    49
         Disaster Area     |       |       |       |       |       |     3 ||     3
  Evoke: Wand              |       |       |       |    10 |     5 |     9 ||    24
    Use: Scroll            |     3 |     2 |    11 |    14 |     6 |    11 ||    47
         Potion            |       |     1 |     6 |     5 |     4 |     6 ||    22
   Stab: Held in net/web   |       |       |       |     1 |       |       ||     1
         Invisible         |       |       |       |       |       |     8 ||     8
         Paralysed         |       |       |       |       |       |     5 ||     5
 Armour: Leather armour    |    33 |       |       |       |       |       ||    33
         Ring mail         |    24 |   129 |   138 |   137 |    44 |    70 ||   542
         Skin              |       |       |       |     6 |    12 |       ||    18
         Scale mail        |       |       |       |       |   229 |     3 ||   232
         Swamp dragon scal |       |       |       |       |       |    39 ||    39
  Dodge: Dodged            |    43 |    94 |    74 |    49 |   161 |   111 ||   532
         Repelled          |       |       |       |    12 |    19 |     6 ||    37
  Block: Kite shield       |       |       |   112 |   271 |   902 |   392 ||  1677
         Other             |       |       |     2 |       |     2 |       ||     4

Table legend: (Time is in decaauts)
 A = Elapsed time spent in this place.
 B = Non-inter-level travel time spent in this place.
 C = Inter-level travel time spent in this place.
 D = Time resting spent in this place.
 E = Time spent auto-exploring this place.
 F = Levels seen in this place.
 G = Mean time per level.
                   A        B        C        D        E       F      G
               +--------+--------+--------+--------+--------+-----+--------+
         Total |  20047 |  18486 |   1561 |   1140 |  12329 |  30 |  668.2 |
       Dungeon |  14062 |  12816 |   1246 |    734 |   9419 |  15 |  937.5 |
          Lair |   2681 |   2561 |    120 |      0 |   1691 |   5 |  536.2 |
         Swamp |   1119 |   1003 |    116 |    364 |      0 |   4 |  279.8 |
   Spider Nest |    252 |    252 |      0 |     27 |      0 |   3 |   84.0 |
  Orcish Mines |   1396 |   1319 |     77 |     15 |    845 |   2 |  698.0 |
         Sewer |    535 |    535 |      0 |      0 |    373 |   1 |  535.0 |
               +--------+--------+--------+--------+--------+-----+--------+

Top non-repeatable levels by time:
    D:13: 1693 daAuts
    D:10: 1222 daAuts
     D:8: 1161 daAuts
     D:7: 1131 daAuts
    D:11: 1110 daAuts
     D:4: 1020 daAuts
  Lair:5: 956 daAuts
   Orc:2: 949 daAuts
     D:5: 949 daAuts
    D:14: 919 daAuts
    D:12: 896 daAuts
     D:2: 831 daAuts
     D:3: 782 daAuts
  Lair:3: 755 daAuts
     D:6: 689 daAuts
